 Dungeon Crawl Stone Soup version 0.30-a0-696-g2367cd04db (webtiles) character file.

Game seed: 358239386455893869

15 ASSMAN the Sneak (level 2, 0/19 HPs)
             Began as a Kobold Delver on Jan 20, 2023.
             Succumbed to an adder's poison
             ... on level 2 of the Dungeon.
             The game lasted 00:02:09 (418 turns).

ASSMAN the Sneak (Kobold Delver)                     Turns: 418, Time: 00:02:10

Health: 0/19       AC:  3    Str:  9    XL:     2   Next: 65%
Magic:  2/2        EV: 14    Int: 11    God:
Gold:   0          SH:  0    Dex: 16    Spells: 1/1 levels left

rFire   . . .      SeeInvis .    a - +0 short sword
rCold   . . .      Faith    .    (no shield)
rNeg    . . .      Spirit   .    b - +0 leather armour
rPois   .          Reflect  .    (no helmet)
rElec   .          Harm     .    (no cloak)
rCorr   .          Rampage  .    (no gloves)
Will    .....                    (no boots)
Stlth   ++++                     (no amulet)
HPRegen 0.23/turn                (no ring)
MPRegen 0.08/turn                (no ring)

@: lethally poisoned (0 -> -3)
A: small, no large weapons, nightstalker 3
a: no special abilities


You were on level 2 of the Dungeon.
You visited 1 branch of the dungeon, and saw 4 of its levels.

Inventory:

Hand Weapons
 a - a +0 short sword (weapon)
Missiles
 f - 3 poisoned darts (quivered)
Armour
 b - a +0 leather armour (worn)
Wands
 g - a wand of digging (3)
Scrolls
 c - a scroll of fog
 d - a scroll of magic mapping
 e - a scroll of fear


   Skills:
 - Level 3.2 Fighting
 + Level 3.2 Short Blades
 + Level 2.9 Dodging
 + Level 6.9 Stealth


You had one spell level left.
You didn't know any spells.
Your spell library was empty.

Dungeon Overview and Level Annotations

Branches:
Dungeon (5/15)
 Temple: D:4-7

Altars:


Innate Abilities, Weirdness & Mutations

You are small and have problems with some larger weapons.
You are completely attuned to the shadows.


Message History

HP restored.
You see here a ball python corpse.
An adder comes into view.
The adder hisses angrily.
The adder bites you.
You are poisoned.
The adder poisons you!
You miss the adder.
You feel sick. The adder bites you.
You are more poisoned.
The adder poisons you!
You hit the adder.
The adder is lightly wounded.
You feel sick. The adder bites you.
Throw: 6 darts (poison)
Press: ? - help, Q - select action Shift-Dir - straight line, f - adder
Aim: an adder (lightly wounded, 42% to hit)
You throw a poisoned dart. The poisoned dart misses the adder.
You feel sick. The adder barely misses you.
The adder bites you but does no damage.
Throw: 5 darts (poison)
Press: ? - help, Q - select action Shift-Dir - straight line, f/p - adder
Aim: an adder (lightly wounded, 42% to hit)
You throw a poisoned dart.
The poisoned dart barely misses the adder.
* * * LOW HITPOINT WARNING * * *
You feel sick. The adder bites you.
* * * LOW HITPOINT WARNING * * *
Throw: 4 darts (poison)
Press: ? - help, Q - select action Shift-Dir - straight line, f/p - adder
Aim: an adder (lightly wounded, 42% to hit)
You throw a poisoned dart. The poisoned dart hits the adder.
The adder is poisoned.
The adder is lightly wounded.
* * * LOW HITPOINT WARNING * * *
You feel sick. The adder barely misses you.
You aren't carrying any potions.
* * * LOW HITPOINT WARNING * * *
You feel sick. The adder attacks as you move away!
The adder closely misses you.
You die...

... ..### .(.
####(# ....S#
###..#######
....@.......
####.#..####.#
#.##..###.#
#.###...#.#
#.# ###.#.#
#...###
###...##
#.#..# #.##.##


You could see an adder (poisoned).

Vanquished Creatures
  An adder (D:4)
  2 ball pythons
  A hobgoblin (D:2)
  A kobold (D:2)
  A quokka (D:2)
6 creatures vanquished.

Notes
Turn   | Place    | Note
-------+----------+-------------------------------------------
     0 | D:5      | ASSMAN the Kobold Delver began the quest for the Orb.
     0 | D:5      | Reached XP level 1. HP: 14/14 MP: 1/1
    30 | D:5      | Noticed a centaur
    50 | D:4      | Noticed a scorpion
   144 | D:4      | Reached XP level 2. HP: 7/19 MP: 2/2
   418 | D:2      | Succumbed to an adder's poison

Illustrated notes

Levels and vault maps discovered:
D:2:      layout_basic, basic_altar, glass_columns_a, nrook_campfire
D:3:      layout_rooms, zin_treasury, gammafunk_temple_overflow_pools,
          shapermc_ecumenical_altar_hornbeckon, serial_shops,
          nicolae_shop_hallway_plus
D:4:      layout_loops_ring, nicolae_overflow_hidden_temple,
          minmay_temple_entry_large_hall, serial_shops, nicolae_shop_statue_plus
D:5:      layout_cave_pools, ebering_ghost_disaster_area,
          chequers_serial_rivers_room_a, minmay_circle_x

Skill      XL: |  1 |
---------------+----+-----
Short Blades   | 3 |  3.2
Fighting       | |  3.2
Dodging        | |  2.9
Stealth        | |  6.9

Action                   || total
-------------------------++-------
Melee: Short sword       ||    38
Throw: Dart              ||     3
  Use: Potion            ||     1
 Stab: Sleeping          ||     1
Armor: Leather armour    ||     7
Dodge: Dodged            ||    41

Table legend: (Time is in decaauts)
 A = Elapsed time spent in this place.
 B = Non-inter-level travel time spent in this place.
 C = Inter-level travel time spent in this place.
 D = Time resting spent in this place.
 E = Time spent auto-exploring this place.
 F = Levels seen in this place.
 G = Mean time per level.
                   A        B        C        D        E       F      G
               +--------+--------+--------+--------+--------+-----+--------+
         Total |    398 |    380 |     18 |     60 |    173 |   4 |   99.5 |
       Dungeon |    398 |    380 |     18 |     60 |    173 |   4 |   99.5 |
               +--------+--------+--------+--------+--------+-----+--------+

Top non-repeatable levels by time:
     D:4: 221 daAuts
     D:2: 118 daAuts
     D:5: 47 daAuts
     D:3: 10 daAuts
